 Dungeon Crawl Stone Soup version 0.27-a0-1590-g15f69828bf (webtiles) character file.

Game seed: 13474336217935440282

360 mandarbmax the Chopper (level 6, -4/47 HPs)
             Began as a Formicid Abyssal Knight on July 18, 2021.
             Was a Believer of Lugonu.
             Slain by a hornet (13 damage)
             ... on level 9 of the Dungeon.
             The game lasted 00:06:54 (5606 turns).

mandarbmax the Chopper (Formicid Abyssal Knight)    Turns: 5606, Time: 00:06:55

Health: -4/47      AC:  7    Str: 19    XL:     6   Next: 98%
Magic:  6/7        EV: 10    Int: 17    God:    Lugonu [**....]
Gold:   264        SH:  0    Dex: 10    Spells: 5/5 levels left

rFire    + . .     SeeInvis +   a - +1 hand axe
rCold    . . .     Faith    .   (no shield)
rNeg     . . .     Spirit   .   f - +2 ring mail {rF+}
rPois    +         Reflect  .   (helmet unavailable)
rElec    .         Harm     .   (no cloak)
rCorr    .         Rampage  .   (no gloves)
Will     .....                  (no boots)
Stlth    ..........             (no amulet)
HPRegen  0.15/turn              d - +6 ring of intelligence
MPRegen  0.10/turn              b - ring of poison resistance

@: no status effects
A: permanent stasis, dig shafts and tunnels, antennae 3, four strong arms
a: Dig, Shaft Self, Renounce Religion, Depart the Abyss, Bend Space


You were on level 9 of the Dungeon.
You worshipped Lugonu.
Lugonu was pleased with you.
You visited 1 branch of the dungeon, and saw 7 of its levels.
You visited the Abyss 1 time.

You collected 264 gold pieces.

Inventory:

Hand Weapons
 a - a +1 hand axe (weapon)
Armour
 f - a +2 ring mail of fire resistance (worn)
Magical Staves
 l - a staff of earth
Jewellery
 b - a ring of poison resistance (right hand)
 d - a +6 ring of intelligence (left hand)
Scrolls
 c - a scroll of amnesia
 g - a scroll of fog {unknown}
 h - a scroll of immolation
 i - a scroll of blinking {unknown}
 j - 2 scrolls of fear
 k - a scroll of teleportation {unknown}
 m - a scroll of torment {unknown}
Potions
 n - a potion of resistance


   Skills:
 - Level 3.2 Fighting
 + Level 6.9 Axes
 - Level 2.1 Armour
 - Level 1.0 Dodging
 - Level 2.1 Invocations


You had 5 spell levels left.
You didn't know any spells.
Your spell library contained the following spells:

 Spells                   Type           Power      Damage    Failure   Level
 Poisonous Vapours        Pois/Air       0%         N/A       52%         2
 Lesser Beckoning         Tloc           0%         N/A       75%         3
 Mephitic Cloud           Conj/Pois/Air  0%         N/A       75%         3
 Cause Fear               Hex            0%         N/A       98%         4
 Freezing Cloud           Conj/Ice/Air   0%         6-21      100%        5
 Manifold Assault         Tloc           0%         N/A       100%        5
 Dragon Form              Tmut           0%         N/A       100%        7
 Dragon's Call            Summ           0%         N/A       100%        9
 Blink                    Tloc           Unusable   N/A       N/A         2

Dungeon Overview and Level Annotations

Branches:
Dungeon (7/15)
 Temple: D:4-7

Altars:
Nemelex Xobeh
Yredelemnul
The Shining One

Shops:
D:9 ?

Annotations:
D:2 1 runed translucent door, Crazy Yiuf


Innate Abilities, Weirdness & Mutations

You cannot be hasted, slowed, berserked, paralysed or teleported.
You can dig through walls and to a lower floor.
You have a pair of large antennae on your head. (SInv)
Your four strong arms can wield two-handed weapons with a shield.


Message History

There is an entrance to Fynices's Magic Scroll Shop here.
You can access your shopping list by pressing '$'.
Okay, then.
The hornet stings you.
You slash the hornet!
The hornet is moderately wounded.
The hornet stings you.
You closely miss the hornet.
The hornet is moderately wounded.
The hornet barely misses you. The hornet stings you!
Your stasis prevents you from being slowed.
You completely miss the hornet.
The hornet is moderately wounded.
The hornet stings you.
Your stasis prevents you from being paralysed.
You miss the hornet.
The hornet is moderately wounded.
The hornet stings you but does no damage.
The hornet closely misses you.
You feel better. The hornet barely misses you.
You closely miss the hornet.
The hornet is moderately wounded.
The hornet stings you! x2
* * * LOW HITPOINT WARNING * * *
You are lethally poisoned!
Unknown command.
You feel better. The hornet stings you.
* * * LOW HITPOINT WARNING * * *
Your stasis prevents you from being slowed.
The hornet stings you.
* * * LOW HITPOINT WARNING * * *
Unknown command.
Okay, then.
Okay, then.
Space bends around you!
You blink.
The hornet stings you but does no damage.
You barely miss the hornet.
The hornet is lightly wounded.
The hornet stings you!
You die...

###.###...#.#(# #
........^...#.# #
####..####...###.# # #.##..#
##...##.# # #.##..## ###.##.#
#.#....######.##.#
#................####
#######....y...............
#........#@#.######.##.####
#..........#.# #.##.# {
#.#∩#.#.##...# #.##.#
.###.#.#.#.##.#.# #.##.#
...y..$.....##...######.##.#
#####........(.#........##.####
#.............####.....>....
##.##.#####.#.####.#########
... #.# #.#........#######


You could see a hornet.

Vanquished Creatures
  A black bear (D:4)
  A jelly (D:3)
  A hound (D:3)
  Jessica (D:2)
  2 iguanas (D:4)
  7 adders
  An adder skeleton (D:4)
  A worm (D:2)
  An orc (D:3)
  5 bats
  3 endoplasms (D:2)
  4 giant cockroaches
  5 goblins
  8 hobgoblins
  A jackal (D:1)
  8 kobolds
  3 quokkas
  7 ball pythons
  6 frilled lizards
  2 rats
68 creatures vanquished.

Vanquished Creatures (others)
  4 plants (D:1)
4 creatures vanquished.

Grand Total: 72 creatures vanquished

Notes
Turn   | Place    | Note
-------+----------+-------------------------------------------
     0 | Abyss:1  | mandarbmax the Formicid Abyssal Knight began the quest for
                  | the Orb.
     0 | Abyss:1  | Reached XP level 1. HP: 18/18 MP: 2/2
    24 | D:1      | Escaped the Abyss
    55 | D:1      | Reached skill level 1 in Dodging
   450 | D:1      | Reached XP level 2. HP: 23/24 MP: 3/3
   488 | D:1      | Found a faded altar of an unknown god.
   762 | D:2      | Reached skill level 3 in Axes
   995 | D:2      | Reached XP level 3. HP: 26/29 MP: 4/4
  1047 | D:2      | Found a runed translucent door.
  1048 | D:2      | Noticed Crazy Yiuf
  1282 | D:2      | Reached ** piety under Lugonu
  1503 | D:2      | Reached skill level 4 in Axes
  1503 | D:2      | Reached XP level 4. HP: 23/35 MP: 5/5
  1918 | D:2      | Noticed Jessica
  1928 | D:2      | Killed Jessica
  2373 | D:3      | Reached XP level 5. HP: 41/41 MP: 6/6
  2396 | D:3      | Reached skill level 5 in Axes
  2847 | D:3      | Found a glowing golden altar of the Shining One.
  2853 | D:3      | Found a basalt altar of Yredelemnul.
  2856 | D:3      | Noticed a profane servitor
  3549 | D:3      | Reached XP level 6. HP: 12/47 MP: 7/7
  3799 | D:3      | Found a sparkling altar of Nemelex Xobeh.
  4219 | D:4      | Noticed a black bear
  4233 | D:4      | Killed a black bear
  4234 | D:4      | Reached skill level 6 in Axes
  5114 | D:4      | Noticed a water moccasin
  5131 | D:4      | You fall into a shaft and drop 3 floors!
  5131 | D:7      | Noticed an orc warrior
  5136 | D:6      | Noticed a black bear
  5160 | D:6      | You fall into a shaft and drop 3 floors!
  5586 | D:9      | Found Fynices's Magic Scroll Shop.
  5586 | D:9      | Noticed a hornet
  5606 | D:9      | Slain by a hornet

Illustrated notes

Levels and vault maps discovered:
D:1:      minmay_arrival_cross, layout_basic, serial_bayou,
          serial_bayou_lagoon_a, serial_bayou_pond_d, serial_bayou_pond_a,
          serial_bayou_pond_a, serial_bayou_lagoon_b,
          dreamdust_ecumenical_altar_statues, minmay_tromino_v4_a
D:2:      minmay_skewed_foursquare, layout_loops_cross, uniq_jessica,
          uniq_crazy_yiuf_cottage
D:3:      layout_loops_corners, grunt_temple_overflow_holy_war,
          mainiacjoe_overflow_small_starburst, st_stairs_13
D:4:      layout_loops_ring, minmay_crystal_water
D:6:      layout_loops_ring, chequers_jeans, grunt_ministairs_2, uniq_maggie
D:7:      layout_cave_pools, mainiacjoe_overflow_boulevard, xom_butterflies,
          minivault_25, kennysheep_generic_room_15
D:9:      layout_loops_ring, nicolae_uskayaw_suspiria,
          gammafunk_ghost_necromancy, serial_shops, shop

Skill      XL: |  1  2  3  4  5  6 |
---------------+-------------------+-----
Dodging        | 1 |  1.0
Axes           | 3 4 5 6 |  6.9
Fighting       | |  3.2
Armour         | |  2.1
Invocations    | |  2.1

Action                   |  1- 3 |  4- 6 || total
-------------------------+-------+-------++-------
Melee: Hand axe          |   106 |   189 ||   295
Invok: Bend Space        |       |     2 ||     2
 Abil: Shaft Self        |       |     2 ||     2
  Use: Potion            |       |     5 ||     5
       Scroll            |       |     5 ||     5
Armor: Leather armour    |     4 |       ||     4
       Ring mail         |    43 |    76 ||   119
Dodge: Dodged            |    71 |   104 ||   175

Table legend: (Time is in decaauts)
 A = Elapsed time spent in this place.
 B = Non-inter-level travel time spent in this place.
 C = Inter-level travel time spent in this place.
 D = Time resting spent in this place.
 E = Time spent auto-exploring this place.
 F = Levels seen in this place.
 G = Mean time per level.
                   A        B        C        D        E       F      G
               +--------+--------+--------+--------+--------+-----+--------+
         Total |   5645 |   5551 |     94 |   1469 |   3415 |   8 |  705.6 |
       Dungeon |   5621 |   5527 |     94 |   1469 |   3415 |   7 |  803.0 |
         Abyss |     24 |     24 |      0 |      0 |      0 |   1 |   24.0 |
               +--------+--------+--------+--------+--------+-----+--------+

Top non-repeatable levels by time:
     D:2: 1981 daAuts
     D:3: 1495 daAuts
     D:4: 920 daAuts
     D:1: 749 daAuts
     D:9: 445 daAuts
 Abyss:1: 24 daAuts
     D:6: 23 daAuts
     D:7: 4 daAuts
